AoeStats
← WoFaz

Arabia

509281974Analyzed
1v1 RM · 8d ago on Sep 26, 2026· 17m 42s· 2 players
Game mode
Random Map
Map size
Tiny (2 player)
Population
200
Speed
Normal
Resources
Standard
Victory
Conquest
Starting age
Dark Age
Ending age
Imperial Age
RankedLock teamsTeams togetherTeam positionsShared explorationLock speedFull tech treeHidden civsTurbo modeCheats
Victory
Defeat
🇲🇽 Bulgarians · Mexico
716
+12
🇦🇹 Celts · Austria
625
-12
WoFaz
9:44 Loom
11:36 Feudal Age
12:42 Horse Collar
12:49 Double-Bit Axe
12:30 Man-at-Arms
15:15 Scale Mail Armor
17:36 Gold Mining
Paco Jidonez
10:53 Feudal Age
15:24 Forging
15:58 Scale Mail Armor
Connection lost

Rejoining the realm…

Still unreachable

The connection could not be restored.

Session expired

The server has moved on; the page needs a fresh start.